 Dungeon Crawl Stone Soup version 0.22.2-1-ge965b3a (webtiles) character file.

226 Stepladder the Skirmisher (level 6, -1/48 HPs)
             Began as a Human Skald on June 2, 2019.
             Slain by an orc wizard
             ... wielding a +0 dagger
              (4 damage)
             ... on level 3 of the Dungeon.
             The game lasted 00:12:07 (3141 turns).

Stepladder the Skirmisher (Human Skald)             Turns: 3141, Time: 00:12:08

Health: -1/48      AC:  6    Str: 12    XL:     6   Next: 22%
Magic:  2/9        EV: 12    Int: 15    God:
Gold:   84         SH:  0    Dex: 12    Spells: 2/9 levels left

rFire    . . .     SeeInvis .   a - +1 spear
rCold    . . .     Gourm    .   (no shield)
rNeg     . . .     Faith    .   i - +0 ring mail
rPois    .         Spirit   .   (no helmet)
rElec    .         Reflect  .   (no cloak)
rCorr    .         Harm     .   l - +0 pair of gloves
MR       .....                  (no boots)
Stlth    +.........             (no amulet)
HPRegen  0.16/turn              (no ring)
MPRegen  0.11/turn              (no ring)

@: no status effects
A: no striking features
a: no special abilities


You were on level 3 of the Dungeon.
You were not hungry.

You visited 1 branch of the dungeon, and saw 3 of its levels.

You collected 84 gold pieces.

Inventory:

Hand Weapons
 a - a +1 spear (weapon)
 o - a +0 hunting sling
Missiles
 b - 54 stones (quivered)
Armour
 i - a +0 ring mail (worn)
 l - a +0 pair of gloves (worn)
 v - a +0 chain mail
Jewellery
 j - an uncursed ring of positive energy {unknown}
 s - a cursed ring of teleportation {unknown}
Scrolls
 h - 2 scrolls of teleportation
 k - a scroll of fear
 n - 2 scrolls of remove curse {unknown}
 p - a scroll of identify {unknown}
 q - a scroll of blinking {unknown}
Potions
 c - 2 potions of mutation {unknown}
 e - 4 potions of curing {unknown}
 f - 3 potions of agility {unknown}
 g - 2 potions of degeneration {unknown}
 m - a potion of invisibility {unknown}
 t - a potion of ambrosia {unknown}
 u - a potion of flight {unknown}
Comestibles
 d - 9 rations
 r - 2 chunks of flesh


   Skills:
 + Level 4.0 Fighting
 - Level 2.0 Polearms
 - Level 1.0 Armour
 + Level 4.0 Dodging
 - Level 2.0 Spellcasting
 + Level 1.3 Hexes
 + Level 3.5 Charms


You had 2 spell levels left.
You knew the following spells:

 Your Spells              Type           Power        Failure   Level  Hunger
a - Infusion              Chrm           ##..         12%         1    #......
b - Spectral Weapon       Hex/Chrm       #.......     50%         3    ###....
c - Regeneration          Chrm/Necr      #.........   58%         3    ###....

Your spell library contained the following spells:

 Spells                   Type           Power        Failure   Level  Hunger
 Song of Slaying          Chrm           ##......     17%         2    ###....
 Shroud of Golubria       Chrm/Tloc      #.........   36%         2    ###....


Dungeon Overview and Level Annotations

Branches:
Dungeon (3/15)

Altars:
Kikubaaqudgha
Yredelemnul

Annotations:
D:2 exclusion: 2 downstairs
D:3 Grinder


Message History

You miss something. Something hits you.
* * * LOW HITPOINT WARNING * * *
You barely miss something.
You hear some strange, mumbled words.
Something tries to affect you, but you resist.
You hit something.
You are no longer magically infusing your attacks.
You hear some strange, mumbled words.
A magic dart appears from out of thin air!
The magic dart hits you!
* * * LOW HITPOINT WARNING * * *
You miss something. Something hits you but does no damage.
You closely miss something.
You hear some strange, mumbled words.
A puff of flame appears from out of thin air!
The puff of flame misses you.
You miss something. Something hits you.
* * * LOW HITPOINT WARNING * * *
You closely miss something. Something hits you.
You die...

#. .# # #...... #.##.
#...... #.#.) #.#.# #
#.#.# #o##.#.###.#
#..........##
############.........
#..........@{#.#####.
#.############.#
####.# .# #....# .#
#.#### ###.# ..# #.#
#...# #.# #.# ##...#
#.# #.# #.....
####.###### #.#
#.P.P.##..... ....


There were no monsters in sight!

Vanquished Creatures
  An orc priest (D:3)
  2 orc wizards (D:2)
  Natasha (thrice) (D:2)
  2 adders (D:2)
  A worm (D:2)
  A dart slug (D:3)
  6 orcs
  6 goblins
  4 hobgoblins
  2 jackals (D:2)
  4 bats
  2 frilled lizards (D:1)
  5 kobolds
  5 rats
  A spectral orc (D:2)
45 creatures vanquished.

Vanquished Creatures (others)
  A human (D:2)
1 creature vanquished.

Grand Total: 46 creatures vanquished

Notes
Turn   | Place    | Note
-------+----------+-------------------------------------------
     0 | D:1      | Stepladder the Human Skald began the quest for the Orb.
     0 | D:1      | Reached XP level 1. HP: 16/16 MP: 3/3
   128 | D:1      | Reached XP level 2. HP: 11/22 MP: 1/5
   942 | D:2      | Noticed Natasha
   963 | D:2      | Killed Natasha
   963 | D:2      | Reached XP level 3. HP: 5/29 MP: 4/6
  1242 | D:2      | Found an ancient bone altar of Kikubaaqudgha.
  1276 | D:2      | Noticed a human
  1277 | D:2      | Killed a human
  1353 | D:2      | Noticed Natasha
  1374 | D:2      | Killed Natasha
  1374 | D:2      | Reached XP level 4. HP: 23/35 MP: 2/7
  1579 | D:2      | Found a basalt altar of Yredelemnul.
  1681 | D:3      | Noticed Grinder
  1697 | D:2      | Noticed Natasha
  1723 | D:2      | Killed Natasha
  1723 | D:2      | Reached XP level 5. HP: 10/41 MP: 8/8
  1962 | D:2      | Learned a level 3 spell: Spectral Weapon
  1966 | D:2      | Learned a level 3 spell: Regeneration
  2500 | D:2      | Reached skill level 1 in Hexes
  2829 | D:3      | Reached XP level 6. HP: 48/48 MP: 9/9
  3016 | D:3      | Found a basalt altar of Yredelemnul.
  3141 | D:3      | Slain by an orc wizard

Skill      XL: |  1  2  3  4  5  6 |
---------------+-------------------+-----
Fighting       | 3 4 |  4.0
Dodging        | 3 4 |  4.0
Hexes          | 1 |  1.3
Polearms       | |  2.0
Armour         | |  1.0
Spellcasting   | |  2.0
Charms         | |  3.5

Action                   |  1- 3 |  4- 6 || total
-------------------------+-------+-------++-------
Melee: Spear             |    78 |   142 ||   220
 Cast: Infusion          |     3 |     1 ||     4
  Use: Scroll            |     5 |       ||     5
  Eat: Chunk             |     2 |     5 ||     7
Armor: Leather armour    |     6 |       ||     6
       Ring mail         |    10 |    51 ||    61
Dodge: Dodged            |    33 |    58 ||    91
